 Dungeon Crawl Stone Soup version 0.23-a0-760-g92239d2 (webtiles) character file.

35 SmSkdm the Insei (level 3, 1/24 HPs)
             Began as a Kitsune Transmuter on May 12, 2019.
             Quit the game on level 2 of the Dungeon.
             The game lasted 00:02:56 (1327 turns).

SmSkdm the Insei (Kitsune Transmuter)               Turns: 1327, Time: 00:02:56

Health: 1/24       AC:  2    Str: 13    XL:     3   Next: 55%
Magic:  5/6        EV: 14    Int: 16    God:
Gold:   41         SH:  0    Dex: 18    Spells: 3/6 levels left

rFire    . . .     SeeInvis .     - Unarmed
rCold    . . .     Gourm    .   (no shield)
rNeg     . . .     Faith    .   b - +0 robe
rPois    .         Spirit   .   (helmet restricted)
rElec    .         Reflect  .   (no cloak)
rCorr    .         Harm     .   (no gloves)
MR       .....                  (no boots)
Stlth    +++.......             (no amulet)
HPRegen  0.08/turn              j - -3 ring of evasion (curse)
MPRegen  0.10/turn              k - -3 ring of dexterity (curse)

@: mighty, agile, lethally poisoned (1 -> 0), exhausted, flying
A: charm monsters, no helmets, claws 1
a: Charm Monsters


You were on level 2 of the Dungeon.
You were very full.

You visited 1 branch of the dungeon, and saw 2 of its levels.

You collected 41 gold pieces.

Inventory:

Missiles
 a - 11 arrows
Armour
 b - a +0 robe (worn)
Jewellery
 h - a +1 ring of protection
 j - a cursed -3 ring of evasion (left claw)
 k - a cursed -3 ring of dexterity (right claw)
Scrolls
 i - a scroll of teleportation {unknown}
Comestibles
 f - 4 chunks of flesh


   Skills:
 + Level 1.8 Fighting
 - Level 1.5 Dodging
 + Level 3.3 Unarmed Combat
 - Level 2.4 Spellcasting
 - Level 2.1 Transmutations


You had 3 spell levels left.
You knew the following spells:

 Your Spells              Type           Power        Failure   Level  Hunger
a - Beastly Appendage     Tmut           #.....       9%          1    #......
b - Sticks to Snakes      Tmut           #.......     12%         2    ###....

Your spell library contained the following spells:

 Spells                   Type           Power        Failure   Level  Hunger
 Spider Form              Tmut/Pois      #.........   36%         3    ###....
 Ice Form                 Ice/Tmut       #.......     77%         4    #####..
 Blade Hands              Tmut           #.........   92%         5    ######.


Dungeon Overview and Level Annotations

Branches:
Dungeon (2/15)

Altars:


Innate Abilities, Weirdness & Mutations

You can charm monsters.
You have fox ears (no helmets).
You have sharp fingernails.


Message History

You fly up into the air.
* * * LOW HITPOINT WARNING * * *
You feel sick.
It was a potion of might.
You feel very mighty all of a sudden.
It was a potion of agility.
You feel agile all of a sudden.
A quokka comes into view.
* * * LOW HITPOINT WARNING * * *
You feel sick.
Found a scroll labeled CAFUCHEFAF.
You see here 5 gold pieces.
You now have 41 gold pieces (gained 5).
* * * LOW HITPOINT WARNING * * *
You feel sick.
You can't go up here!
You eat one of the 2 rations.
That ration really hit the spot!
A quokka comes into view.
You eat the ration.
That ration really hit the spot!
Are you sure you want to abandon this character and quit the game? (Confirm with "yes".)

.......# .#
.....# .### .
#+#...# ... ..
#.....##..# ...
#.##...#..#....
#..>...#....r##
#.##.#.#.#.....
#.#lS.......
#r#.@...#.#.
.?#.....#
..+.....#
...#.#.###
...#(#.. #.#>..
#+#.### ..


You could see a quokka, a friendly leopard gecko and a friendly ball python.

Vanquished Creatures
  An adder (D:2)
  A dart slug (D:1)
  2 leopard geckos (D:1)
  A ball python (D:1)
  A bat (D:1)
  4 hobgoblins (D:1)
  4 jackals (D:1)
  2 kobolds (D:1)
  7 rats (D:1)
23 creatures vanquished.

Notes
Turn   | Place    | Note
-------+----------+-------------------------------------------
     0 | D:1      | SmSkdm the Kitsune Transmuter began the quest for the Orb.
     0 | D:1      | Reached XP level 1. HP: 12/12 MP: 3/3
    39 | D:1      | Reached skill level 1 in Fighting
   316 | D:1      | Reached XP level 2. HP: 15/18 MP: 5/5
   356 | D:1      | Reached skill level 3 in Unarmed Combat
   362 | D:1      | Learned a level 2 spell: Sticks to Snakes
   816 | D:1      | Reached XP level 3. HP: 15/23 MP: 6/6
  1324 | D:2      | HP: 1/24 [poisoned by an adder]
  1327 | D:2      | Quit the game

Vault maps used:
D:1:      mainiacjoe_arrival_reflecting_pool, minmay_misc_feat_enclosed

Skill      XL: |  1  2 |
---------------+-------+-----
Fighting       | 1 |  1.8
Unarmed Combat | 3 |  3.3
Dodging        | |  1.5
Spellcasting   | |  2.4
Transmutations | |  2.1

Action                   || total
-------------------------++-------
Melee: Unarmed           ||    76
       Kick              ||     6
       Punch             ||     1
 Cast: Beastly Appendage ||     2
       Sticks to Snakes  ||     1
 Abil: Charm Monsters    ||     1
  Use: Potion            ||     3
       Scroll            ||     1
 Stab: Sleeping          ||     1
  Eat: Ration            ||     2
       Chunk             ||     1
Armor: Robe              ||     7
Dodge: Dodged            ||    40

Table legend:
 A = Non-vault XP
 B = Vault XP
 C = Vault XP percentage of total XP
 D = Non-vault monster count
 E = Vault monster count
 F = Vault count percentage of total count
                 A         B        C        D         E       F
            +---------+---------+-------+---------+---------+-------
      Total |      51 |       0 |   0.0 |      23 |       0 |   0.0
            +---------+---------+-------+---------+---------+-------
        D:1 |      40 |       0 |   0.0 |      22 |       0 |   0.0
        D:2 |      11 |       0 |   0.0 |       1 |       0 |   0.0
            +---------+---------+-------+---------+---------+-------
